 Dungeon Crawl Stone Soup version 0.31-a0-229-g1fc7ce93e2 (webtiles) character file.

Game seed: 10289507515016555968

170 qw the Shooter (level 5, -1/30 HPs)
             Began as a Gargoyle Hexslinger on July 6, 2023.
             Slain by an orc wizard
             ... wielding a +1 dagger of venom
              (3 damage)
             ... on level 4 of the Dungeon.
             The game lasted 00:01:09 (2442 turns).

qw the Shooter (Gargoyle Hexslinger)                Turns: 2442, Time: 00:01:09

Health: -1/30      AC: 10    Str: 11    XL:     5   Next: 51%
Magic:  0/6        EV: 10    Int: 14    God:
Gold:   158        SH:  0    Dex: 14    Spells: 5/6 levels left

rFire   . . .        Y - +1 sling
rCold   . . .        (no shield)
rNeg    + . .        h - +0 ring mail
rPois   inf          (no helmet)
rElec   +            (no cloak)
rCorr   .            (no gloves)
SInv    .            a - +0 pair of boots
Will    .....        n - amulet of guardian spirit
Stlth   +            (no ring)
HPRegen 0.25/turn    (no ring)
MPRegen 0.10/turn

%: guardian spirit
@: no status effects
A: sickness immunity, AC +4, negative energy resistance 1, electricity
resistance, torment resistance 1, petrification resistance
a: no special abilities


You were on level 4 of the Dungeon.
You visited 1 branch of the dungeon, and saw 4 of its levels.

You collected 158 gold pieces.


Innate Abilities, Weirdness & Mutations

You are immune to sickness and miasma.
Your stone body is resilient. (AC +4)
You are immune to poison.
You resist negative energy. (rN+)
You are resistant to electric shocks. (rElec)
You are resistant to unholy torment.
You are immune to petrification.


   Skills:
 + Level 2.0 Fighting
 - Level 5.1 Ranged Weapons
 - Level 1.0 Armour
 - Level 1.5 Dodging
 - Level 1.0 Spellcasting
 - Level 2.6 Hexes


You had 5 spell levels left.
You knew the following spells:

 Your Spells              Type           Power      Damage    Failure   Level
a - Slow                  Hex            32%        N/A       21%         1

Your spell library contained the following spells:

 Spells                   Type           Power      Damage    Failure   Level
 Inner Flame              Hex/Fire       4%         N/A       71%         3
 Portal Projectile        Hex/Tloc       8%         N/A       71%         3
 Cause Fear               Hex            4%         N/A       90%         4

Inventory:

Hand Weapons
 Y - a +1 sling (weapon)
Armour
 a - a +0 pair of boots (worn)
 h - a +0 ring mail (worn)
Jewellery
 c - a ring of ice
 n - an amulet of guardian spirit (around neck)
Scrolls
 b - a scroll of teleportation
 j - a scroll of identify
Potions
 d - a potion of heal wounds {unknown}
 m - a potion of attraction {unknown}

Dungeon Overview and Level Annotations

Branches:
Dungeon (4/15)
 Temple: D:4-7

Altars:

Shops:
D:2 [


Message History

You shoot a sling bullet. The sling bullet hits the orc wizard.
The orc wizard is heavily wounded.
The orc wizard hits you but does no damage.
Something hits you but does no damage.
You shoot a sling bullet.
The sling bullet closely misses the orc wizard.
The orc wizard completely misses you. Something hits you.
You shoot a sling bullet. The sling bullet hits the orc wizard.
The orc wizard is severely wounded.
The orc wizard hits you but does no damage.
Something hits you.
The orc wizard gestures at you while chanting.
The puff of flame hits you. Something completely misses you.
You shoot a sling bullet.
The sling bullet hits the orc wizard but does no damage.
The orc wizard is severely wounded.
Something hits you.
The orc wizard hits you but does no damage.
You shoot a sling bullet.
The sling bullet closely misses the orc wizard.
The orc wizard casts a spell at you.
You are confused.
Something hits you but does no damage.
The orc wizard hits you but does no damage.
Something hits you but does no damage.
The orc wizard hits you but does no damage.
You hear some strange, mumbled words.
A magic dart appears from out of thin air!
The magic dart hits you.
The orc wizard hits you but does no damage.
Something hits you but does no damage.
The orc wizard points at you and mumbles some strange words.
The puff of flame hits you. Something hits you but does no damage.
An orc wizard appears from thin air!
Reactivating autopickup.
The orc wizard hits you with a +1 dagger of venom.
The orc wizard closely misses you.
You feel less confused.
The orc wizard hits you with a +1 dagger of venom.
You die...

#.. . .. ...
##.# ... ##.##
#.. .... #.# #..
#..### #.#
#ooo###.##
#@.....###
#####....#.##
########.......#
#..............#
#...............
#.............#.
#.............#
#.............#
#.............#


You could see 2 orc wizards and an orc.

Vanquished Creatures
  A sleepcap (D:4)
  3 gnolls (D:3)
  4 adders
  6 dart slugs
  An orc (D:4)
  8 bats
  3 endoplasms (D:2)
  4 giant cockroaches
  4 goblins
  3 hobgoblins
  3 quokkas
  12 ball pythons
  4 frilled lizards (D:1)
  2 kobolds
  12 rats
70 creatures vanquished.

Vanquished Creatures (others)
  A kobold (D:3)
1 creature vanquished.

Grand Total: 71 creatures vanquished

Notes
Turn   | Place    | Note
-------+----------+-------------------------------------------
     0 | D:1      | qw the Gargoyle Hexslinger began the quest for the Orb.
     0 | D:1      | Reached XP level 1. HP: 12/12 MP: 2/2
     0 | D:1      | 0 ||| qw: Version: 0.3-a-46-gb1f654a
     0 | D:1      | 0 ||| qw: Game counter: 1308
     0 | D:1      | 0 ||| qw: Melee chars always use a shield: true
     0 | D:1      | 0 ||| qw: God list: Okawaru
     0 | D:1      | 0 ||| qw: Allow faded altars: false
     0 | D:1      | 0 ||| qw: Do Orc after clearing Dungeon:15 true
     0 | D:1      | 0 ||| qw: Do second Lair branch before Depths: true
     0 | D:1      | 0 ||| qw: Lair rune preference: random
     0 | D:1      | 0 ||| qw: Goals: Normal
     0 | D:1      | 0 ||| PLANNING D:1-11
   125 | D:1      | Reached XP level 2. HP: 16/16 MP: 3/3
   448 | D:1      | Reached skill level 3 in Ranged Weapons
   528 | D:1      | 528 ||| FLEEEEING.
   529 | D:1      | 529 ||| FLEEEEING.
   536 | D:1      | 536 ||| FLEEEEING.
   729 | D:1      | Reached XP level 3. HP: 21/21 MP: 4/4
   794 | D:1      | 794 ||| UPGRADING to +0 leather armour.
   804 | D:1      | 804 ||| DROPPING +0 robe.
   805 | D:1      | 805 ||| UPGRADING to +0 ring mail.
   815 | D:1      | 815 ||| DROPPING +0 leather armour.
   816 | D:1      | 816 ||| UPGRADING to amulet of guardian spirit.
   821 | D:1      | 821 ||| READING scroll labelled OLULIPPUEBB.
   822 | D:1      | 822 ||| READING scroll labelled TIOPPU EXKULUS.
   826 | D:1      | 826 ||| READING 2 scrolls labelled BAITAT GYTOWK.
   827 | D:1      | 827 ||| READING 2 scrolls labelled WECSUE YSASU.
   828 | D:1      | 828 ||| READING scroll labelled AKKYPN HORAHI.
   829 | D:1      | 829 ||| DRINKING 2 bubbling yellow potions.
   857 | D:1      | 857 ||| DROPPING scroll of poison.
   858 | D:1      | 858 ||| DROPPING potion of lignification.
   859 | D:1      | 859 ||| DROPPING scroll of revelation.
  1042 | D:2      | Identified the +5 dagger of Calamity {freeze, Int+3}
  1177 | D:2      | Reached XP level 4. HP: 26/26 MP: 5/5
  1201 | D:2      | Reached skill level 4 in Ranged Weapons
  1396 | D:2      | Found Raoleack's Antique Armour Shoppe.
  1406 | D:2      | 1406 ||| SHOPLISTING embroidered scarf (232 gold, have 84).
  1406 | D:2      | 1406 ||| SHOPLISTING faintly humming robe (165 gold, have
                  | 84).
  1514 | D:2      | Reached skill level 1 in Armour
  1518 | D:2      | 1518 ||| UPGRADING to +0 pair of boots.
  1928 | D:3      | Reached XP level 5. HP: 30/30 MP: 6/6
  2298 | D:3      | 2298 ||| READING scroll labelled XAFAPUMNEMUR.
  2299 | D:3      | 2299 ||| READING 2 scrolls of identify.
  2299 | D:3      | 2299 ||| IDENTIFYING fizzy yellow potion
  2409 | D:4      | 2409 ||| DRINKING potion of curing.
  2409 | D:4      | 2409 ||| (to cure confusion)
  2418 | D:4      | Reached skill level 5 in Ranged Weapons
  2438 | D:4      | HP: 5/30 [something/magic dart (5)]
  2441 | D:4      | HP: 2/30 [orc wizard/+1 dagger of venom (1)]
  2442 | D:4      | Slain by an orc wizard

Levels and vault maps discovered:
D:1:      dpeg_arrival_refuge, layout_basic, serial_bayou_crossing
D:2:      layout_rooms, serial_shops, nicolae_shop_statue_plus, kennysheep_boxes
D:3:      layout_loops_cross, lemuel_flame_loot_1
D:4:      layout_basic, mainiacjoe_overflow_chevrons, kennysheep_little_box,
          grunt_temple_overflow_open, fedhas_ov_isle_minmay,
          minmay_temple_entry_stoned_glass

Skill      XL: |  1  2  3  4  5 |
---------------+----------------+-----
Ranged Weapons | 3 4 5 |  5.1
Fighting       | 2 |  2.0
Armour         | 1 |  1.0
Dodging        | |  1.5
Spellcasting   | |  1.0
Hexes          | |  2.6

Action                     |  1- 3 |  4- 6 || total
---------------------------+-------+-------++-------
   Fire: Sling             |   100 |   151 ||   251
    Use: Scroll            |     5 |     2 ||     7
         Potion            |     1 |     1 ||     2
 Armour: Robe              |     6 |       ||     6
         Ring mail         |    29 |    97 ||   126
  Dodge: Dodged            |    46 |    72 ||   118

Table legend:
 A = Non-vault XP
 B = Vault XP
 C = Vault XP percentage of total XP
 D = Non-vault monster count
 E = Vault monster count
 F = Vault count percentage of total count
                 A         B        C        D         E       F
            +---------+---------+-------+---------+---------+-------
      Total |     244 |       0 |   0.0 |      70 |       0 |   0.0
            +---------+---------+-------+---------+---------+-------
        D:1 |      37 |       0 |   0.0 |      21 |       0 |   0.0
        D:2 |      78 |       0 |   0.0 |      21 |       0 |   0.0
        D:3 |      82 |       0 |   0.0 |      23 |       0 |   0.0
        D:4 |      47 |       0 |   0.0 |       5 |       0 |   0.0
            +---------+---------+-------+---------+---------+-------
